 Dungeon Crawl Stone Soup version 0.20.1-1-g8b1a95d (webtiles) character file.

18 letownia2 the Grave Robber (level 2, 0/22 HPs)
             Began as a Deep Dwarf Necromancer on Nov 28, 2017.
             Slain by a quokka (1 damage)
             ... summoned by Eustachio
             ... on level 4 of the Dungeon.
             The game lasted 00:02:10 (702 turns).

letownia2 the Grave Robber (Deep Dwarf Necromancer)  Turns: 702, Time: 00:02:11

Health: 0/22       AC:  3    Str: 11      XL:     2   Next: 48%
Magic:  5/5        EV: 12    Int: 15      God:
Gold:   37         SH:  0    Dex: 11 (13) Spells: 4/5 levels left

rFire    . . .     SeeInvis .   a - +0 dagger
rCold    . . .     Gourm    .   (no shield)
rNeg     . . .     Faith    .   d - +0 leather armour
rPois    .         Spirit   .   (no helmet)
rElec    .         Reflect  .   (no cloak)
rCorr    .         Harm     .   (no gloves)
MR       .....                  (no boots)
Stlth    ++........             g - amulet of rage
Regen    0.0/turn               (no ring)
MPRegen  0.1/turn               (no ring)

@: non-regenerating
A: damage resistance, heal wounds, sense surroundings 1, no regeneration
a: Heal Wounds, Evoke Berserk Rage


You were on level 4 of the Dungeon.
You were very hungry.

You visited 1 branch of the dungeon, and saw 4 of its levels.

You collected 37 gold pieces.

Inventory:

Hand Weapons
 a - a +0 dagger (weapon)
Missiles
 h - 8 tomahawks (quivered)
Armour
 d - a +0 leather armour (worn)
 f - a +0 scale mail
Jewellery
 g - an amulet of rage (around neck)
Scrolls
 e - a scroll of remove curse {unknown}
 i - a scroll of fear {unknown}
 k - a scroll of random uselessness {unknown}
 l - 2 scrolls of identify {unknown}
Books
 b - a book of Necromancy

   Spells                             Type                      Level
   a - Pain                           Necromancy                   1
   b - Animate Skeleton               Necromancy                   1
   c - Vampiric Draining              Necromancy                   3
   d - Regeneration                   Charms/Necromancy            3
   e - Animate Dead                   Necromancy                   4
   f - Control Undead                 Necromancy                   4
Comestibles
 c - a bread ration


   Skills:
 - Level 2.1 Dodging
 - Level 2.4 Stealth
 + Level 2.3 Spellcasting
 + Level 4.7 Necromancy


You had 4 spell levels left.
You knew the following spells:

 Your Spells              Type           Power        Failure   Level  Hunger
a - Pain                  Necr           ###.         4%          1    #......


Dungeon Overview and Level Annotations

Branches:
Dungeon (4/15)
 Temple: D:4-7

Altars:

Annotations:
D:3 Robin
D:4 Eustachio


Innate Abilities, Weirdness & Mutations

You are resistant to damage.
You can heal yourself by infusing magical energy.
You passively map a small area around you.
You do not regenerate.


Message History

Eustachio blinks!
The bat barely misses you. The quasit misses you.
The quasit claws you but does no damage.
The quasit barely misses you.
The quasit disappears in a puff of smoke!
The bat completely misses you. The quokka bites you.
The quokka barely misses you. The quokka closely misses you.
The quokka barely misses you.
You feel yourself speed up. The quokka barely misses you.
The quokka misses you. The quokka bites you.
* * * LOW HITPOINT WARNING * * *
You recover from your berserk rage.
The quokka barely misses you. The quokka misses you.
The quokka barely misses you. The quokka bites you.
You die...

* #>.####.#
#.......#
#.####### #.#
#.#######
#.......# ####
#.#####.####
....*##.##.......#
....##......#.##@#
............#.##r#
....##......#.##.#
.... ##.......##.#
###. #.########.#
#. #.# #.#
#.*##'## #.###
,..##...## #...#
###.....## ###.#


You could see a quokka.

Vanquished Creatures
  An adder (D:3)
  A leopard gecko (D:2)
  2 goblins
  A quokka (D:3)
  A bat (D:3)
  A frilled lizard (D:2)
  2 rats
9 creatures vanquished.

Notes
Turn   | Place    | Note
-------+----------+-------------------------------------------
     0 | D:1      | letownia2 the Deep Dwarf Necromancer began the quest for the Orb.
     0 | D:1      | Reached XP level 1. HP: 15/15 MP: 3/3
   331 | D:4      | Noticed a phantom
   346 | D:4      | Noticed an orc priest
   401 | D:3      | Reached XP level 2. HP: 19/22 MP: 5/5
   489 | D:4      | Noticed Eustachio
   574 | D:4      | Noticed a crimson imp
   630 | D:3      | Noticed Robin
   687 | D:4      | HP: 1/22 [quokka[Eustachio] (2)]
   702 | D:4      | Slain by a quokka

Skill      XL: |  1 |
---------------+----+-----
Spellcasting   | 2 |  2.3
Dodging        | |  2.1
Stealth        | |  2.4
Necromancy     | |  4.7

Action                   || total
-------------------------++-------
Melee: Dagger            ||    19
Throw: Tomahawk          ||     5
 Cast: Pain              ||    17
 Abil: Evoke Berserk Rag ||     2
Armor: Leather armour    ||    26
Dodge: Dodged            ||    73
